 Dungeon Crawl Stone Soup version 0.29.1-12-g30fa7ad0bf (webtiles) character file.

Game seed: 2864028538517361289

319 FexLirch the Grave Robber (level 6, 0/41 HPs)
             Began as a Mummy Necromancer on Jan 15, 2023.
             Shot with an arrow by a centaur (5 damage)
             ... on level 5 of the Dungeon.
             The game lasted 00:09:20 (4467 turns).

FexLirch the Grave Robber (Mummy Necromancer)       Turns: 4467, Time: 00:09:20

Health: 0/41       AC:  3    Str: 17    XL:     6   Next: 21%
Magic:  1/14       EV: 12    Int: 17    God:
Gold:   258        SH:  0    Dex: 12    Spells: 6/16 levels left

rFire   . . .      SeeInvis .   k - staff of death
rCold   + + .      Faith    .   (no shield)
rNeg    + + +      Spirit   .   a - +0 robe
rPois   ∞          Reflect  .   e - +0 helmet
rElec   .          Harm     .   j - scarf {rC+ rF+}
rCorr   .          Rampage  .   (no gloves)
Will    .....                   (no boots)
Stlth   ++........              (no amulet)
HPRegen 0.13/turn               g - +6 ring of strength
MPRegen 0.14/turn               (no ring)

@: no status effects
A: cold resistance 1, negative energy resistance 3, torment resistance 2, heat
vulnerability 1, in touch with death 1, no potions
a: no special abilities


You were on level 5 of the Dungeon.
You visited 1 branch of the dungeon, and saw 5 of its levels.

You collected 258 gold pieces.

Inventory:

Hand Weapons
 b - a +0 whip of protection
 q - a +0 whip of venom
Missiles
 p - 2 throwing nets
Armour
 a - a +0 robe (worn)
 e - a +0 helmet (worn)
 f - a +0 ring mail
 j - a scarf of resistance (worn)
Magical Staves
 k - a staff of death (weapon)
 v - a staff of air
Jewellery
 g - a +6 ring of strength (left hand)
 o - a ring of wizardry
Scrolls
 d - a scroll of enchant armour {unknown}
 h - 4 scrolls of identify
 i - a scroll of brand weapon
 l - a scroll of butterflies {unknown}
 m - a scroll of amnesia
 n - a scroll of immolation {unknown}
 r - 2 scrolls of magic mapping
 s - a scroll of vulnerability {unknown}
 t - a scroll of torment {unknown}
 u - a scroll of summoning {unknown}


   Skills:
 - Level 1.5 Dodging
 - Level 1.5 Stealth
 + Level 5.7 Spellcasting
 + Level 5.8 Necromancy
 + Level 1.5 Translocations


You had 6 spell levels left.
You knew the following spells:

 Your Spells              Type           Power      Damage    Failure   Level
a - Necrotise             Necr           100%       1d9       1%          1
b - Vampiric Draining     Necr           53%        2d9       3%          3
c - Animate Dead          Necr           53%        N/A       12%         4
d - Blink                 Tloc           18%        N/A       11%         2

Your spell library contained the following spells:

 Spells                   Type           Power      Damage    Failure   Level
 Foxfire                  Conj/Fire      16%        2x1d4     13%         1
 Slow                     Hex            16%        N/A       13%         1
 Scorch                   Fire           8%         2d5       21%         2
 Lesser Beckoning         Tloc           9%         N/A       22%         3
 Agony                    Necr           53%        N/A       32%         5
 Confusing Touch          Hex            4%         N/A       36%         3
 Conjure Flame            Conj/Fire      4%         6-21      36%         3
 Inner Flame              Hex/Fire       4%         N/A       36%         3
 Flame Wave               Conj/Fire      4%         2d5       78%         4
 Manifold Assault         Tloc           9%         N/A       89%         5
 Summon Cactus Giant      Summ           2%         N/A       100%        6


Dungeon Overview and Level Annotations

Branches:
Dungeon (5/15)
 Temple: D:4-7

Altars:
Dithmenos
Makhleb
Trog
Uskayaw
Xom
Yredelemnul


Innate Abilities, Weirdness & Mutations

You are immune to poison.
Your flesh is cold resistant. (rC+)
You are immune to negative energy. (rN+++)
You are immune to unholy pain and torment.
You are vulnerable to heat. (rF-)
You are in touch with the powers of death.
You do not drink.


Message History

It is a scroll of amnesia.
Really abort (and waste the scroll)?
Okay, then.
The hound bites you.
* * * LOW HITPOINT WARNING * * *
The hound closely misses you.
You can't drink.
As you read the scroll labelled ZER DAHAITE, it crumbles to dust.
It is a scroll of identify.
r - 2 scrolls of magic mapping The hound bites you.
* * * LOW HITPOINT WARNING * * *
Blink to where?
Press: ? - help, Dir - move target, p - hound
As you read the scroll labelled JYEXISAEJERPH, it crumbles to dust.
It was a scroll of blinking.
The yak bellows!
A yak comes into view.
The hound attacks as you move away! The hound closely misses you. x2
As you read the scroll labelled HEAPSI LIDOSUE, it crumbles to dust.
It is a scroll of brand weapon.
Your +0 whip projects an invisible shield of force!
b - a +0 whip of protection The hound misses you.
Blink to where?
Press: ? - help, Dir - move target
As you read the scroll of blinking, it crumbles to dust.
The centaur wields a +0 shortbow.
The centaur shoots an arrow.
The arrow hits you!
* * * LOW HITPOINT WARNING * * *
Casting: Necrotise (safe; 1% risk of failure)
Confirm with . or Enter, or press ? or * to list all spells.
Aiming: Vampiric Draining (dangerous; 3% risk of failure)
Press: ? - help, Shift-Dir - straight line, f - hound
Aim: a hound (severely wounded)
You feel a strong surge of power!
You draw life force from the hound!
You kill the hound!
You feel life coursing into your body.
The centaur shoots an arrow.
The arrow hits you.
You die...

.....# #Y##.#
#.##.# #.##.#
##c##.####
#........#
#..##.##.#
#†.##.##.#
#@.##.##.###
#..##......#
#........#.#
###.###.#######.#
................#
###.###.#########
#.......#
###..#### #..


You could see a yak and a centaur.

Vanquished Creatures
  A black bear (D:5)
  A scorpion (D:5)
  A hound (D:5)
  6 adders
  2 gnolls (D:5)
  A white imp (D:5)
  A worm (D:3)
  A dart slug (D:2)
  4 orcs
  4 endoplasms
  2 giant cockroaches (D:1)
  6 goblins
  3 hobgoblins (D:2)
  3 jackals (D:4)
  11 kobolds
  3 quokkas
  3 ball pythons
  5 bats
  3 rats
61 creatures vanquished.

Vanquished Creatures (collateral kills)
  An iguana (D:4)
  A dart slug (D:3)
  A hobgoblin (D:2)
  A frilled lizard (D:3)
  A rat (D:3)
5 creatures vanquished.

Vanquished Creatures (others)
  A worm zombie (D:3)
  An adder zombie (D:4)
  2 gnoll zombies (D:5)
  A dart slug zombie (D:3)
5 creatures vanquished.

Grand Total: 71 creatures vanquished

Notes
Turn   | Place    | Note
-------+----------+-------------------------------------------
     0 | D:1      | FexLirch the Mummy Necromancer began the quest for the Orb.
     0 | D:1      | Reached XP level 1. HP: 13/13 MP: 4/4
   247 | D:1      | Found a faded altar of an unknown god.
   789 | D:1      | Reached XP level 2. HP: 19/19 MP: 4/6
   953 | D:2      | Gained mutation: You are in touch with the powers of death.
                  | [Mummy growth]
   953 | D:2      | Reached XP level 3. HP: 24/24 MP: 6/8
   960 | D:2      | Learned a level 3 spell: Vampiric Draining
  2032 | D:3      | Reached XP level 4. HP: 30/30 MP: 5/10
  2037 | D:3      | Learned a level 4 spell: Animate Dead
  2365 | D:3      | Found a hide-covered altar of Uskayaw.
  2456 | D:3      | Reached skill level 5 in Necromancy
  2837 | D:4      | You fall into a shaft and drop 1 floor!
  2837 | D:5      | Entered Level 5 of the Dungeon
  2853 | D:5      | Noticed a yak
  2853 | D:5      | Noticed a yak
  2862 | D:5      | Noticed a phantom
  2868 | D:5      | Found a bloodstained altar of Trog.
  2868 | D:5      | Noticed a black bear
  2871 | D:5      | Noticed a water moccasin
  2873 | D:5      | Noticed a black bear
  2874 | D:5      | Noticed a scorpion
  2886 | D:5      | Killed a scorpion
  2887 | D:5      | Reached skill level 5 in Spellcasting
  2887 | D:5      | Reached XP level 5. HP: 28/35 MP: 0/12
  2897 | D:5      | Learned a level 2 spell: Blink
  3094 | D:5      | Noticed a phantom
  3372 | D:4      | Found the +8 mithril axe "Arga" {speed, Will+}
  3584 | D:4      | Found a shimmering altar of Xom.
  3586 | D:4      | Found a burning altar of Makhleb.
  3594 | D:4      | Found a basalt altar of Yredelemnul.
  3594 | D:4      | Found a shadowy altar of Dithmenos.
  4295 | D:5      | Noticed a black bear
  4303 | D:5      | Killed a black bear
  4304 | D:5      | Reached skill level 1 in Translocations
  4304 | D:5      | Reached XP level 6. HP: 36/41 MP: 5/14
  4454 | D:5      | Noticed a yak
  4465 | D:5      | HP: 2/41 [centaur/arrow (8)]
  4467 | D:5      | Shot with an arrow by a centaur

Illustrated notes

Levels and vault maps discovered:
D:1:      dpeg_arrival_rooms_b, layout_basic,
          shapermc_ecumenical_altar_flowoftime, chequers_serial_rivers_micro_e
D:2:      layout_basic, chequers_serial_rivers_small_a
D:3:      layout_rooms, nicolae_uskayaw_murder_on_the_dancefloor
D:4:      layout_loops_corners, minmay_overflow_temple_hex
D:5:      layout_basic, bloody_trog, minmay_overflow_temple_star_quad,
          gup_sewer_entry_spiral, kennysheep_generic_room_3, uniq_pikel

Skill      XL: |  1  2  3  4  5 |
---------------+----------------+-----
Spellcasting   | 3 4 5 |  5.7
Necromancy     | 5 |  5.8
Translocations | 1 |  1.5
Dodging        | |  1.5
Stealth        | |  1.5

Action                   |  1- 3 |  4- 6 || total
-------------------------+-------+-------++-------
Melee: Unarmed           |     5 |       ||     5
       Whip              |     3 |       ||     3
       Staff             |     6 |    52 ||    58
       Punch             |       |     1 ||     1
 Cast: Necrotise         |    55 |    39 ||    94
       Animate Dead      |       |     7 ||     7
       Vampiric Draining |       |    10 ||    10
       Blink             |       |     4 ||     4
  Use: Scroll            |       |     7 ||     7
 Stab: Distracted        |       |     1 ||     1
       Sleeping          |       |     1 ||     1
Armor: Robe              |     5 |    21 ||    26
Dodge: Dodged            |    17 |    49 ||    66
